 Dungeon Crawl Stone Soup version 0.23-a0-182-g58cdd98f8d (webtiles) character file.

32634 Ablot the Thaumaturge (level 13, -2/101 HPs)
             Began as a Gnoll Skald on Sept 20, 2018.
             Was the Champion of Okawaru.
             Shot with an arrow by a centaur (9 damage)
             ... led by a centaur warrior
             ... on level 14 of the Dungeon.
             The game lasted 00:49:20 (13160 turns).

Ablot the Thaumaturge (Gnoll Skald)                Turns: 13160, Time: 00:49:21

Health: -2/101     AC: 23    Str: 18    XL:     13   Next: 65%
Magic:  16/26      EV: 24    Int: 17    God:    Okawaru [******]
Gold:   806        SH:  0    Dex: 24    Spells: 11/31 levels left

rFire    + . .     SeeInvis +   y - +7 great mace "Caloj" {venom, rC+ Dex+4}
rCold    + + .     Gourm    .   (shield currently unavailable)
rNeg     . . .     Faith    .   l - +2 ring mail {rF+}
rPois    .         Spirit   .   p - +2 helmet {SInv}
rElec    .         Reflect  .   U - +1 cloak of Valiance {rC+ Dex+3}
rCorr    .         Harm     .   V - +1 pair of gloves {Str+3}
MR       .....                  o - +0 pair of boots
Stlth    +++++.....             n - amulet of magic regeneration
HPRegen  0.26/turn              G - +3 ring of protection
MPRegen  0.45/turn              S - ring of wizardry

@: heroism, shrouded
A: distributed training, fangs 1, strong nose
a: Heroism, Finesse, Renounce Religion


You were on level 14 of the Dungeon.
You worshipped Okawaru.
Okawaru was exalted by your worship.
You were hungry.

You visited 1 branch of the dungeon, and saw 14 of its levels.
You also visited: Ice Cave.

You collected 858 gold pieces.
You spent 52 gold pieces at shops.

Inventory:

Hand Weapons
 a - the +5 falchion "Eghe" {freeze, rElec rF- Stlth+}
   (You found it on level 10 of the Dungeon)

   It has been specially enchanted to freeze those struck by it, causing extra
   injury to most foes and up to half again as much damage against particularly
   susceptible opponents.
   It can also slow down cold-blooded creatures.
   It makes you vulnerable to fire.
   It insulates you from electricity.
   It makes you more stealthy.
 w - a +1 blowgun
 y - the +7 great mace "Caloj" (weapon) {venom, rC+ Dex+4}
   (Okawaru gifted it to you on level 13 of the Dungeon)

   It poisons the flesh of those it strikes.
   It affects your dexterity (+4).
   It protects you from cold.
Missiles
 e - 504 stones (quivered)
 i - 337 arrows
 k - 129 bolts
 x - 3 needles of paralysis
 z - 90 sling bullets
 M - 5 curare-tipped needles
 Q - 41 poisoned needles
Armour
 l - a +2 ring mail of fire resistance (worn)
 o - a +0 pair of boots (worn)
 p - a +2 helmet of see invisible (worn)
 U - the +1 cloak of Valiance (worn) {rC+ Dex+3}
   (You found it on level 12 of the Dungeon)

   It affects your dexterity (+3).
   It protects you from cold.
 V - a +1 pair of gloves of strength (worn)
Jewellery
 n - an amulet of magic regeneration (around neck)
 t - an uncursed ring of resist corrosion
 v - an uncursed ring of protection from cold
 G - a +3 ring of protection (left hand)
 O - a cursed ring of attention {unknown}
 S - a ring of wizardry (right hand)
Wands
 u - a wand of acid (16)
 B - a wand of iceblast (3)
 D - a wand of enslavement (27)
 N - a wand of digging (30)
 P - a wand of paralysis (16)
 T - a wand of clouds (9)
 X - a wand of scattershot (4)
Scrolls
 c - 3 scrolls of fog
 g - 5 scrolls of blinking
 m - 4 scrolls of remove curse
 s - 4 scrolls of amnesia
 A - 7 scrolls of teleportation
 E - 2 scrolls of immolation
 F - 2 scrolls of fear {unknown}
 Z - a scroll of summoning
Potions
 b - 4 potions of curing
 f - 2 potions of agility {unknown}
 h - a potion of lignification {unknown}
 j - 4 potions of resistance
 q - a potion of mutation {unknown}
 r - 2 potions of haste
 C - 3 potions of flight
 H - a potion of berserk rage {unknown}
 I - 3 potions of degeneration {unknown}
 J - 3 potions of might {unknown}
 K - 2 potions of brilliance {unknown}
 R - a potion of magic {unknown}
 W - 4 potions of heal wounds
Comestibles
 d - 29 rations
 L - a chunk of flesh


   Skills:
 + Level 9.5(14.5) Fighting
 + Level 8.3(13.3) Short Blades
 + Level 8.3(13.3) Long Blades
 + Level 8.3(13.3) Axes
 + Level 8.3(13.3) Maces & Flails
 + Level 9.5(14.5) Polearms
 + Level 8.3(13.3) Staves
 + Level 8.3(13.3) Slings
 + Level 8.3(13.3) Bows
 + Level 8.3(13.3) Crossbows
 + Level 8.3(13.3) Throwing
 + Level 8.8(13.8) Armour
 + Level 9.5(14.5) Dodging
 + Level 8.3(13.3) Stealth
 + Level 8.3(13.3) Shields
 + Level 8.3(13.3) Unarmed Combat
 + Level 9.7 Spellcasting
 + Level 6.9 Conjurations
 + Level 6.9 Hexes
 + Level 8.9 Charms
 + Level 6.9 Summonings
 + Level 6.9 Necromancy
 + Level 6.9 Translocations
 + Level 6.9 Transmutations
 + Level 6.9 Fire Magic
 + Level 6.9 Ice Magic
 + Level 6.9 Air Magic
 + Level 6.9 Earth Magic
 + Level 6.9 Poison Magic
 + Level 9.1 Invocations
 + Level 8.3 Evocations


You had 11 spell levels left.
You knew the following spells:

 Your Spells              Type           Power        Failure   Level  Hunger
a - Infusion              Chrm           ####         1%          1    None
b - Song of Slaying       Chrm           #####...     1%          2    None
c - Shroud of Golubria    Chrm/Tloc      #####.....   1%          2    None
d - Regeneration          Chrm/Necr      #####.....   1%          3    None
e - Spectral Weapon       Hex/Chrm       #####...     1%          3    None
f - Magic Dart            Conj           ####         1%          1    None
g - Blink                 Tloc           N/A          1%          2    None
h - Conjure Flame         Conj/Fire      ####....     1%          3    None
i - Mephitic Cloud        Conj/Pois/Air  ####....     1%          3    None

Your spell library contained the following spells:

 Spells                   Type           Power        Failure   Level  Hunger
 Call Imp                 Summ           ####....     1%          2    None
 Slow                     Hex            ####....     1%          2    None


Dungeon Overview and Level Annotations

Branches:
Dungeon (14/15)            Temple (0/1) D:6            Lair (0/6) D:8
    Orc (0/2) D:11         Vaults (0/5) D:13

Altars:
Cheibriados
Elyvilon
Fedhas
Gozag
Hepliaklqana
Kikubaaqudgha
Makhleb
Nemelex Xobeh
Okawaru
Qazlal
Ru
Sif Muna
Vehumet
Wu Jian

Shops:
D:9 *   D:11 [

Annotations:
D:6 , 2 transporters
D:10 Fannar, Snorg
D:13 Rupert


Innate Abilities, Weirdness & Mutations

Your experience applies equally to all skills.
You have very sharp teeth.
Your uncanny sense of smell can sniff out nearby items.


Message History

The centaur shoots an arrow.
The arrow hits your spectral weapon.
Your spectral weapon shares its damage with you!
* * * LOW HITPOINT WARNING * * *
You hit the centaur warrior.
The centaur warrior looks as sick as possible!
The centaur warrior is almost dead.
The centaur misses you.
The centaur warrior hits you but does no damage.
The centaur is engulfed in blazing flames.
The centaur shoots an arrow.
The arrow hits your spectral weapon!
Your spectral weapon shares its damage with you!
* * * LOW HITPOINT WARNING * * *
The centaur completely misses you.
The centaur warrior hits you but does no damage.
You barely miss the centaur warrior. You bite the centaur warrior.
The centaur warrior is almost dead.
The centaur is engulfed in blazing flames.
The centaur shoots an arrow.
The arrow misses your spectral weapon. The arrow hits you!
You die...

######
########......
#cccJc...#
#@####.J.##
#(# #.....#
#######c#
##...##
#.ccJ...#
##.##
#...cc.#####
#.# #.##.#.
#.# # #. ##'##
c. ##...## #
.. ##.....##.#


You could see a slime creature, a centaur warrior, 4 centaurs and a friendly
spectral great mace "Caloj" {venom, rC+ Dex+4}.

Vanquished Creatures
  A frost giant (IceCv)
  An ogre mage (D:13)
  A centaur warrior (D:13)
  9 two-headed ogres
  4 skeletal warriors (D:12)
  2 necromancers (D:13)
  3 deep elf magi
  2 cyclopes
  3 ugly things (D:13)
  A centaur zombie (D:12)
  An ice statue (IceCv)
  A tengu conjurer (D:11)
  12 polar bears (IceCv)
  A hornet (D:9)
  Grinder (D:6)
  2 slime creatures (D:14)
  2 hippogriffs (D:13)
  2 wraiths
  37 yaks
  3 orc warriors
  2 hungry ghosts
  A swamp drake (D:11)
  A hornet zombie (D:12)
  4 sky beasts
  11 ice beasts
  3 black bears
  2 necrophages
  5 phantoms
  6 ogres
  4 centaurs
  10 wolves (IceCv)
  3 big kobolds
  11 bullfrogs
  2 wyvern skeletons
  2 scorpions
  12 killer bees
  3 howler monkeys (D:10)
  8 crimson imps
  A bullfrog zombie (D:10)
  6 hounds
  2 jellies (D:12)
  3 orc priests
  Crazy Yiuf (D:6)
  A centaur skeleton (D:8)
  21 orc wizards
  An iron imp (D:11)
  Jessica (D:2)
  Terence (D:2)
  An iguana (D:10)
  6 worker ants
  A killer bee zombie (D:5)
  A hound skeleton (D:11)
  5 worker ant zombies
  A howler monkey skeleton (D:7)
  4 gnolls
  14 adders
  4 shadow imps
  An ooze (D:3)
  2 adder skeletons (D:4)
  4 worms
  4 dart slugs
  2 leopard geckos
  57 orcs
  9 bats
  6 giant cockroaches
  9 goblins
  6 hobgoblins
  10 jackals
  6 quokkas
  A ball python (D:3)
  4 frilled lizards
  3 jackal skeletons
  22 kobolds
  A leopard gecko skeleton (D:4)
  10 rats
  2 spectral weapons
413 creatures vanquished.

Vanquished Creatures (collateral kills)
  Pikel (D:9)
  A bullfrog (D:6)
  A crimson imp (D:6)
  An orc priest (D:6)
4 creatures vanquished.

Vanquished Creatures (others)
  A white imp (D:11)
  3 orcs
  5 spectral weapons
9 creatures vanquished.

Grand Total: 426 creatures vanquished

Notes
Turn   | Place    | Note
-------+----------+-------------------------------------------
     0 | D:1      | Ablot the Gnoll Skald began the quest for the Orb.
     0 | D:1      | Reached XP level 1. HP: 20/20 MP: 6/6
    39 | D:1      | Reached XP level 2. HP: 17/26 MP: 7/7
    97 | D:1      | Learned a level 2 spell: Song of Slaying
   100 | D:1      | Learned a level 2 spell: Shroud of Golubria
   214 | D:1      | Reached XP level 3. HP: 9/31 MP: 9/9
   228 | D:1      | Learned a level 3 spell: Regeneration
   232 | D:1      | Learned a level 3 spell: Spectral Weapon
   313 | D:1      | Reached skill level 5 in Spellcasting
   600 | D:1      | Reached skill level 1 in Invocations
   964 | D:2      | Noticed Terence
   964 | D:2      | Noticed a phantom
  1060 | D:2      | Reached skill level 1 in Short Blades
  1060 | D:2      | Reached skill level 1 in Long Blades
  1060 | D:2      | Reached skill level 1 in Axes
  1060 | D:2      | Reached skill level 1 in Maces & Flails
  1060 | D:2      | Reached skill level 1 in Staves
  1060 | D:2      | Reached skill level 1 in Slings
  1060 | D:2      | Reached skill level 1 in Bows
  1060 | D:2      | Reached skill level 1 in Crossbows
  1060 | D:2      | Reached skill level 1 in Throwing
  1060 | D:2      | Reached skill level 1 in Stealth
  1060 | D:2      | Reached skill level 1 in Shields
  1060 | D:2      | Reached skill level 1 in Unarmed Combat
  1060 | D:2      | Reached skill level 1 in Evocations
  1108 | D:2      | Reached XP level 4. HP: 33/38 MP: 11/11
  1114 | D:2      | Noticed Jessica
  1138 | D:2      | Killed Jessica
  1180 | D:2      | Killed a phantom
  1180 | D:2      | Reached skill level 1 in Conjurations
  1180 | D:2      | Reached skill level 1 in Hexes
  1180 | D:2      | Reached skill level 1 in Summonings
  1180 | D:2      | Reached skill level 1 in Necromancy
  1180 | D:2      | Reached skill level 1 in Translocations
  1180 | D:2      | Reached skill level 1 in Transmutations
  1180 | D:2      | Reached skill level 1 in Fire Magic
  1180 | D:2      | Reached skill level 1 in Ice Magic
  1180 | D:2      | Reached skill level 1 in Air Magic
  1180 | D:2      | Reached skill level 1 in Earth Magic
  1180 | D:2      | Reached skill level 1 in Poison Magic
  1180 | D:2      | Reached XP level 5. HP: 23/43 MP: 5/12
  1300 | D:2      | Killed Terence
  1352 | D:2      | Found an ancient bone altar of Kikubaaqudgha.
  1573 | D:2      | Found a snail-covered altar of Cheibriados.
  1689 | D:3      | Reached XP level 6. HP: 50/50 MP: 6/13
  1833 | D:3      | Found a stormy altar of Qazlal.
  2228 | D:4      | Reached skill level 5 in Fighting
  2228 | D:4      | Reached skill level 5 in Polearms
  2228 | D:4      | Reached skill level 5 in Dodging
  2448 | D:4      | Reached XP level 7. HP: 52/56 MP: 15/15
  3223 | D:5      | Entered Level 5 of the Dungeon
  3605 | D:5      | Found a sacrificial altar of Ru.
  3837 | D:5      | Reached XP level 8. HP: 63/63 MP: 16/16
  4005 | D:6      | Found a radiant altar of Vehumet.
  4028 | D:6      | Found a blossoming altar of Fedhas.
  4028 | D:6      | Found an ornate altar of the Wu Jian Council.
  4028 | D:6      | Found an iron altar of Okawaru.
  4028 | D:6      | Found a hazy altar of Hepliaklqana.
  4028 | D:6      | Found a deep blue altar of Sif Muna.
  4028 | D:6      | Found a white marble altar of Elyvilon.
  4028 | D:6      | Found an opulent altar of Gozag.
  4058 | D:6      | Became a worshipper of Warmaster Okawaru
  4201 | D:6      | Noticed Grinder
  4213 | D:6      | Killed Grinder
  4221 | D:6      | Reached * piety under Okawaru
  4705 | D:6      | Found a runed door.
  4749 | D:6      | Found a staircase to the Ecumenical Temple.
  4889 | D:6      | Found a transporter.
  4892 | D:6      | Noticed a seven-headed hydra
  4893 | D:6      | Found a transporter.
  4893 | D:6      | Found a sparkling altar of Nemelex Xobeh.
  4893 | D:6      | Noticed an orc knight
  4895 | D:6      | Noticed a gargoyle
  5084 | D:6      | Noticed Crazy Yiuf
  5089 | D:6      | Killed Crazy Yiuf
  5204 | D:7      | Reached XP level 9. HP: 69/69 MP: 18/18
  5416 | D:7      | Reached ** piety under Okawaru
  5698 | D:7      | Noticed a deep elf mage
  5705 | D:7      | Killed a deep elf mage
  5705 | D:7      | Reached skill level 5 in Armour
  5858 | D:7      | Got a smoking robe
  5869 | D:7      | Identified the +3 robe of the Zebra {rElec MP+9} (You found
                  | it on level 7 of the Dungeon)
  6108 | D:8      | Found a blossoming altar of Fedhas.
  6144 | D:8      | Reached *** piety under Okawaru
  6144 | D:8      | Reached skill level 5 in Invocations
  6364 | D:8      | Noticed a two-headed ogre
  6532 | D:8      | Found a staircase to the Lair.
  6616 | D:8      | Reached XP level 10. HP: 76/76 MP: 20/20
  6714 | D:8      | Killed a two-headed ogre
  6714 | D:8      | Reached skill level 5 in Short Blades
  6714 | D:8      | Reached skill level 5 in Long Blades
  6714 | D:8      | Reached skill level 5 in Axes
  6714 | D:8      | Reached skill level 5 in Maces & Flails
  6714 | D:8      | Reached skill level 5 in Staves
  6714 | D:8      | Reached skill level 5 in Slings
  6714 | D:8      | Reached skill level 5 in Bows
  6714 | D:8      | Reached skill level 5 in Crossbows
  6714 | D:8      | Reached skill level 5 in Throwing
  6714 | D:8      | Reached skill level 5 in Stealth
  6714 | D:8      | Reached skill level 5 in Shields
  6714 | D:8      | Reached skill level 5 in Unarmed Combat
  6714 | D:8      | Reached skill level 5 in Evocations
  7065 | D:9      | Reached **** piety under Okawaru
  7258 | D:9      | Noticed Pikel
  7271 | D:9      | HP: 1/78 [Pikel/whip of electrocution (13)]
  7272 | D:9      | Killed Pikel
  7272 | D:9      | Received a gift from Okawaru
  7400 | D:9      | Found Esoawuf's Assorted Antiques.
  7407 | D:9      | Bought a glowing orange potion for 26 gold pieces
  7407 | D:9      | Bought an inky potion for 26 gold pieces
  7429 | D:9      | Received a gift from Okawaru
  7516 | D:9      | Paralysed by a hornet for 1 turns
  7691 | D:9      | Found a burning altar of Makhleb.
  7716 | D:9      | Reached XP level 11. HP: 83/83 MP: 16/22
  7730 | D:9      | Reached ***** piety under Okawaru
  7800 | D:10     | Entered Level 10 of the Dungeon
  7875 | D:10     | Noticed Fannar
  7933 | D:10     | Noticed Snorg
  8081 | D:10     | Got an ebony falchion
  8086 | D:10     | Identified the +5 falchion "Eghe" {freeze, rElec rF-
                  | Stlth+} (You found it on level 10 of the Dungeon)
  8498 | D:11     | Reached skill level 5 in Conjurations
  8498 | D:11     | Reached skill level 5 in Hexes
  8498 | D:11     | Reached skill level 5 in Summonings
  8498 | D:11     | Reached skill level 5 in Necromancy
  8498 | D:11     | Reached skill level 5 in Translocations
  8498 | D:11     | Reached skill level 5 in Transmutations
  8498 | D:11     | Reached skill level 5 in Fire Magic
  8498 | D:11     | Reached skill level 5 in Ice Magic
  8498 | D:11     | Reached skill level 5 in Air Magic
  8498 | D:11     | Reached skill level 5 in Earth Magic
  8498 | D:11     | Reached skill level 5 in Poison Magic
  8661 | D:11     | Found a staircase to the Orcish Mines.
  8908 | D:11     | Received a gift from Okawaru
  9144 | D:11     | Found Cexzy's Armour Shop.
  9326 | D:11     | Noticed a deep elf mage
  9340 | D:11     | Killed a deep elf mage
  9349 | D:11     | Noticed a deep elf mage
  9354 | D:11     | Killed a deep elf mage
  9873 | D:12     | Found a frozen archway.
  9895 | D:12     | Reached XP level 12. HP: 92/92 MP: 21/24
  9934 | IceCv    | Entered an ice cave
  9962 | IceCv    | Learned a level 1 spell: Magic Dart
  9965 | IceCv    | Learned a level 2 spell: Blink
  9969 | IceCv    | Learned a level 3 spell: Conjure Flame
  9973 | IceCv    | Learned a level 3 spell: Mephitic Cloud
 10263 | IceCv    | Received a gift from Okawaru
 10532 | IceCv    | Noticed a frost giant
 10548 | IceCv    | Received a gift from Okawaru
 10556 | IceCv    | Killed a frost giant
 10625 | IceCv    | Got a brightly glowing hat
 10636 | IceCv    | Identified the -1 hat of Enkaos {-Cast rN+ SInv} (You found
                  | it in an ice cave)
 11013 | D:12     | Got a jewelled cloak
 11066 | D:12     | Identified the +1 cloak of Valiance {rC+ Dex+3} (You found
                  | it on level 12 of the Dungeon)
 11769 | D:13     | Noticed a two-headed ogre
 11769 | D:13     | Noticed a two-headed ogre
 11770 | D:13     | Noticed a two-headed ogre
 11773 | D:13     | Noticed a two-headed ogre
 11774 | D:13     | Noticed an ogre mage
 11786 | D:13     | Killed a two-headed ogre
 11786 | D:13     | Reached XP level 13. HP: 100/100 MP: 18/26
 11794 | D:13     | Reached ****** piety under Okawaru
 11794 | D:13     | Received a gift from Okawaru
 11872 | D:13     | Noticed Rupert
 11993 | D:13     | Received a gift from Okawaru
 12021 | D:13     | HP: 2/101 [two-headed ogre/giant club (15)]
 12242 | D:13     | Got a bloodstained great mace {god gift}
 12243 | D:13     | Identified the +7 great mace "Caloj" {venom, rC+ Dex+4}
                  | (Okawaru gifted it to you on level 13 of the Dungeon)
 12249 | D:13     | Found a gate to the Vaults.
 12891 | D:12     | Received a gift from Okawaru
 13153 | D:14     | Received a gift from Okawaru
 13160 | D:14     | Shot with an arrow by a centaur

Vault maps used:
D:1:      matt_arrival_diagonals, minmay_misc_feat_tiny
D:2:      lemuel_round_altar, kiku_gazebo_pond_becter, uniq_terence,
          uniq_jessica
D:3:      lemuel_round_altar, minmay_misc_feat_chi
D:4:      first_ration
D:5:      basic_altar
D:6:      gammafunk_temple_overflow_arena, grunt_temple_overflow_open,
          lemuel_temple_firewalk_b, basic_altar, fountainhead,
          small_statue_alley_b, uniq_grinder, uniq_crazy_yiuf_cottage
D:7:      guppyfry_early_elven_hall
D:8:      lair_entry_dummy, basic_altar
D:9:      lemuel_crystal_altar, serial_shops, shop, uniq_pikel
D:10:     uniq_fannar, uniq_snorg
D:11:     orc_0_dummy, serial_shops, kennysheep_mini_moat, grunt_tengu_nest,
          hangedman_minor_magic
D:12:     portal_ice_cave_entry_ice_beasts
D:13:     david_vaults_1, stair_cage_line, uniq_rupert
D:14:     hangedman_decor_lopped, nicolae_dithmenos_the_darkroom
IceCv:    ice_cave_small_giant

Skill      XL: |  1  2  3  4  5  6  7  8  9 10 11 12 13 |
---------------+----------------------------------------+-----
Spellcasting   | 5 6 7 8 9 |  9.7
Invocations    | 1 2 3 4 5 6 7 8 9 |  9.1
Short Blades   | 1 2 3 4 5 6 7 8 |  8.3
Long Blades    | 1 2 3 4 5 6 7 8 |  8.3
Axes           | 1 2 3 4 5 6 7 8 |  8.3
Maces & Flails | 1 2 3 4 5 6 7 8 |  8.3
Staves         | 1 2 3 4 5 6 7 8 |  8.3
Slings         | 1 2 3 4 5 6 7 8 |  8.3
Bows           | 1 2 3 4 5 6 7 8 |  8.3
Crossbows      | 1 2 3 4 5 6 7 8 |  8.3
Throwing       | 1 2 3 4 5 6 7 8 |  8.3
Stealth        | 1 2 3 4 5 6 7 8 |  8.3
Shields        | 1 2 3 4 5 6 7 8 |  8.3
Unarmed Combat | 1 2 3 4 5 6 7 8 |  8.3
Evocations     | 1 2 3 4 5 6 7 8 |  8.3
Armour         | 3 4 5 6 7 8 |  8.8
Conjurations   | 1 2 3 4 5 6 |  6.9
Hexes          | 1 2 3 4 5 6 |  6.9
Summonings     | 1 2 3 4 5 6 |  6.9
Necromancy     | 1 2 3 4 5 6 |  6.9
Translocations | 1 2 3 4 5 6 |  6.9
Transmutations | 1 2 3 4 5 6 |  6.9
Fire Magic     | 1 2 3 4 5 6 |  6.9
Ice Magic      | 1 2 3 4 5 6 |  6.9
Air Magic      | 1 2 3 4 5 6 |  6.9
Earth Magic    | 1 2 3 4 5 6 |  6.9
Poison Magic   | 1 2 3 4 5 6 |  6.9
Fighting       | 5 6 7 8 9 |  9.5
Polearms       | 5 6 7 8 9 |  9.5
Dodging        | 5 6 7 8 9 |  9.5
Charms         | 6 7 8 |  8.9

Action                   |  1- 3 |  4- 6 |  7- 9 | 10-12 | 13-15 || total
-------------------------+-------+-------+-------+-------+-------++-------
Melee: Spear             |   146 |   165 |   248 |       |       ||   559
       Bite              |    13 |    13 |    48 |   106 |    16 ||   196
       Punch             |       |       |     3 |    42 |     4 ||    49
       Trident           |       |       |    55 |       |       ||    55
       Quarterstaff      |       |       |   171 |   177 |       ||   348
       Falchion          |       |       |       |   499 |    44 ||   543
       Great mace        |       |       |       |       |    60 ||    60
 Cast: Infusion          |     1 |     3 |     9 |    10 |     5 ||    28
       Regeneration      |     1 |     4 |     8 |    24 |     6 ||    43
       Shroud of Golubri |       |    10 |    22 |    40 |     8 ||    80
       Spectral Weapon   |       |     9 |    19 |    35 |    10 ||    73
       Song of Slaying   |       |     4 |     4 |    17 |     2 ||    27
       Mephitic Cloud    |       |       |       |     7 |     7 ||    14
       Conjure Flame     |       |       |       |       |     4 ||     4
       Blink             |       |       |       |       |     4 ||     4
Invok: Heroism           |       |       |     1 |    11 |     5 ||    17
Evoke: Wand              |       |     1 |     6 |     2 |       ||     9
  Use: Scroll            |       |     1 |     7 |     7 |     4 ||    19
       Potion            |       |       |       |     3 |     1 ||     4
 Stab: Sleeping          |     2 |     1 |     6 |    14 |     2 ||    25
       Petrifying        |       |       |     1 |       |       ||     1
       Distracted        |       |       |       |    10 |     1 ||    11
       Confused          |       |       |       |    10 |     3 ||    13
  Eat: Chunk             |     1 |     5 |    16 |    17 |     6 ||    45
       Ration            |       |       |       |     1 |       ||     1
Armor: Leather armour    |    27 |     4 |       |       |       ||    31
       Ring mail         |       |    31 |   156 |   235 |    40 ||   462
Dodge: Dodged            |    94 |    81 |   317 |   543 |    95 ||  1130
       Rpst.: Falchion   |       |       |       |   100 |     2 ||   102

Table legend:
 A = Non-vault XP
 B = Vault XP
 C = Vault XP percentage of total XP
 D = Non-vault monster count
 E = Vault monster count
 F = Vault count percentage of total count
                 A         B        C        D         E       F
            +---------+---------+-------+---------+---------+-------
      Total |   30008 |   16612 |  35.6 |     344 |      72 |  17.3
            +---------+---------+-------+---------+---------+-------
        D:1 |      65 |       0 |   0.0 |      28 |       0 |   0.0
        D:2 |     178 |      73 |  29.1 |      27 |       2 |   6.9
        D:3 |      82 |       0 |   0.0 |      16 |       0 |   0.0
        D:4 |     367 |       0 |   0.0 |      26 |       0 |   0.0
        D:5 |     441 |       0 |   0.0 |      18 |       0 |   0.0
        D:6 |     757 |     313 |  29.3 |      24 |       2 |   7.7
        D:7 |     795 |     595 |  42.8 |      24 |       1 |   4.0
        D:8 |    2371 |       0 |   0.0 |      32 |       0 |   0.0
        D:9 |    3361 |     494 |  12.8 |      35 |       1 |   2.8
       D:10 |    1267 |       0 |   0.0 |      25 |       0 |   0.0
       D:11 |    3239 |    1826 |  36.1 |      26 |      17 |  39.5
       D:12 |    6415 |    1037 |  13.9 |      37 |       8 |  17.8
       D:13 |    8805 |    3893 |  30.7 |      17 |       5 |  22.7
       D:14 |    1865 |       0 |   0.0 |       9 |       0 |   0.0
      IceCv |       0 |    8381 | 100.0 |       0 |      36 | 100.0
            +---------+---------+-------+---------+---------+-------
